 Dungeon Crawl Stone Soup version 0.30-a0-881-g1ff12e1e11 (webtiles) character file.

Game seed: 16907738078990507390

10848 jlumianski the Cleaver (level 11, -2/89 HPs)
             Began as a Demonspawn Fighter on Mar 15, 2023.
             Was a Believer of Qazlal.
             Slain by a fire elemental (11 damage)
             ... on level 1 of the Lair of Beasts.
             The game lasted 00:45:19 (13029 turns).

jlumianski the Cleaver (Demonspawn Fighter)        Turns: 13029, Time: 00:45:20

Health: -2/89      AC: 14    Str: 21    XL:     11   Next: 41%
Magic:  5/5        EV: 21    Int: 10    God:    Qazlal [**....]
Gold:   532        SH:  7    Dex: 12    Spells: 10/10 levels left

rFire   . . .      SeeInvis .    q - +6 hand axe of Subterfuge {antimagic, Stlth+}
rCold   + . .      Faith    .    c - +0 buckler
rNeg    . . .      Spirit   .    e - +0 plate armour
rPois   +          Reflect  .    (no helmet)
rElec   +          Rampage  .    (no cloak)
rCorr   +                        (no gloves)
Will    +....                    (no boots) Stlth
                                 o - amulet of the acrobat
HPRegen 0.34/turn                J - ring of willpower
MPRegen 0.09/turn                F - ring "Amo Sekhy" {rElec rPois rC+ rCorr}

@: acrobatic, studying Ice Magic
A: hooves 2, rugged brown scales 1, demonic guardian 1
a: Renounce Religion, Upheaval


You were on level 1 of the Lair of Beasts.
You worshipped Qazlal.
Qazlal was pleased with you.
You visited 3 branches of the dungeon, and saw 14 of its levels.

You collected 652 gold pieces.
You spent 120 gold pieces at shops.

Inventory:

Hand Weapons
 a - a +1 morningstar of draining
 m - a +2 vampiric spear
 q - the +6 hand axe of Subterfuge (weapon) {antimagic, Stlth+}
   (You found it on level 2 of the Dungeon)

   Stlth:     It makes you more stealthy.
Missiles
 H - a throwing net
 M - 12 poisoned darts (quivered)
 Q - a curare-tipped dart
 R - 5 javelins
 T - 6 boomerangs
Armour
 c - a +0 buckler (worn)
 e - a +0 plate armour (worn)
 i - a +0 pair of gloves
 U - a +0 hat
Jewellery
 g - an amulet of magic regeneration
 j - a ring of protection from fire
 k - a ring of ice
 o - an amulet of the acrobat (around neck)
 y - a ring of protection from fire
 D - a ring of ice
 F - the ring "Amo Sekhy" (right hand) {rElec rPois rC+ rCorr}
   (You found it on level 5 of the Dungeon)

   [ring of resist corrosion]

   rC:        It protects you from cold.
   rElec:     It insulates you from electricity.
   rPois:     It protects you from poison.
   rCorr:     It protects you from acid and corrosion.
 J - a ring of willpower (left hand)
Wands
 O - a wand of light (5)
 S - a wand of iceblast (3)
 V - a wand of digging (6)
Scrolls
 f - a scroll of magic mapping
 l - 2 scrolls of identify
 n - 2 scrolls of fog
 r - 2 scrolls of blinking
 s - 2 scrolls of fear
 t - a scroll of teleportation
 u - 5 scrolls of poison
 P - 2 scrolls of silence
Potions
 b - 2 potions of brilliance
 d - a potion of might
 h - 3 potions of curing
 v - a potion of attraction
 w - a potion of cancellation
 z - 2 potions of heal wounds
 C - a potion of lignification
 E - 2 potions of invisibility
 G - a potion of flight


   Skills:
 * Level 8.9 Fighting
 + Level 9.6 Axes
 + Level 2.4 Throwing
 + Level 8.0 Armour
 + Level 1.3 Dodging
 + Level 1.2 Stealth
 + Level 5.5 Shields
 * Level 9.1 Invocations


You had 10 spell levels left.
You didn't know any spells.
Your spell library contained the following spells:

 Spells                   Type           Power      Damage    Failure   Level
 Kindle Blastsparks       Fire/Tloc/Air  0%         2d10      100%        3
 Fulminant Prism          Conj/Hex       0%         3d5       100%        4
 Iskenderun's Mystic Bla  Conj/Tloc      0%         2d3       100%        4
 Lee's Rapid Deconstruct  Erth           0%         3d4*      100%        5


Dungeon Overview and Level Annotations

Branches:
Dungeon (11/15)            Temple (1/1) D:4            Lair (2/5) D:9
  Swamp: Lair:2-3    Shoals: Lair:2-3     Snake: Lair:2-3    Spider: Lair:2-3
    Orc: D:9-12

Altars:
Cheibriados
Dithmenos
Gozag
Kikubaaqudgha
Makhleb
Nemelex Xobeh
Qazlal
Uskayaw
Wu Jian
Xom
Yredelemnul

Shops:
D:3 [   D:5 *

Annotations:
D:5 2 transporters, soul19's ghost, novice DsFi
D:9 1 transporter, Lodul


Innate Abilities, Weirdness & Mutations

You have hoof-like feet.
You are partially covered in rugged brown scales. (AC +1, +3% HP)
A weak demonic guardian rushes to your aid.


Message History

The electric eel shoots out a bolt of lightning at you!
The bolt of electricity hits you. You resist.
You see here a scroll of identify.
l - 2 scrolls of identify (gained 1)
The lava snake spits lava at you. The glob of lava hits you!!
The lava snake spits lava at you. The glob of lava hits you.
The electric eel shoots out a bolt of lightning at you!
The bolt of electricity hits the plant!
The plant begins to die.
The bolt of electricity hits you. You resist. The fire elemental misses you.
The fire elemental hits you. The fire elemental burns you!
A demonic guardian appears!
There is a stone staircase leading up here.
A nearby plant withers and dies.
The electric eel shoots out a bolt of lightning at you!
The bolt of electricity hits the fire elemental.
The fire elemental resists.
The bolt of electricity hits you. You resist. The fire elemental hits you.
The fire elemental burns you!
You climb upwards.
Your summoned ally is left behind.
There is a stone staircase leading down here.
You closely miss the fire elemental.
The fire elemental is lightly damaged.
The fire elemental hits you. The fire elemental burns you!
You hit the fire elemental.
The fire elemental is moderately damaged.
The fire elemental closely misses you.
You miss the fire elemental. Your kick misses the fire elemental.
The fire elemental is moderately damaged.
The fire elemental hits you. The fire elemental burns you!
* * * LOW HITPOINT WARNING * * *
You barely miss the fire elemental. You kick the fire elemental.
The fire elemental is moderately damaged.
The fire elemental hits you. The fire elemental burns you!
* * * LOW HITPOINT WARNING * * *
A demonic guardian appears!
You block the fire elemental's attack. The fire elemental hits you.
* * * LOW HITPOINT WARNING * * *
The fire elemental burns you!
You die...

..#...........#
..#.....#..>..#####..
#.......+...........#
.#.....P.P'##.#....#
.......#.#....#....+
.###...#.#....#....#
..............#....###+####.
...............§............
............☼.#@............
.........#...○#E###..##.###
.........#..5.☼.# ##.##
.####...........# #..#
#....#....#.# #..#
#.....######.# #.##
##...........# #..#
#...........# ##.##
............# #..#######


You could see a fire elemental.

Vanquished Creatures
  Fannar (D:10)
  2 two-headed ogres
  Pikel (D:6)
  2 black mambas (Lair:1)
  A gargoyle (D:10)
  Maggie (D:6)
  A komodo dragon (Lair:1)
  Grinder (D:4)
  A shadow (D:10)
  15 yaks
  4 wyverns
  4 steam dragons
  Edmund (D:4)
  2 water moccasins
  3 orc warriors
  An ice beast (D:6)
  A black bear (D:7)
  A sky beast (D:6)
  8 ogres
  2 centaurs
  A lemure (D:6)
  A phantom (D:6)
  A kobold brigand (D:7)
  6 bullfrogs
  A gnoll sergeant (D:7)
  A scorpion (D:7)
  3 wights
  3 killer bees (D:9)
  A howler monkey (D:10)
  A jelly (D:6)
  A hound (D:4)
  3 gnoll boudas
  7 orc priests
  2 iguanas
  5 orc wizards
  7 adders
  17 gnolls
  A white imp (D:6)
  A worm (D:4)
  3 dart slugs
  27 orcs
  14 ball pythons
  4 bats
  9 endoplasms
  6 giant cockroaches
  10 goblins
  4 hobgoblins
  6 jackals (D:1)
  4 quokkas
  4 frilled lizards
  11 kobolds
  2 rats
220 creatures vanquished.

Vanquished Creatures (collateral kills)
  A sleepcap (D:5)
  A gnoll (D:5)
2 creatures vanquished.

Vanquished Creatures (others)
  2 fungi (Lair:1)
  A plant (Lair:2)
3 creatures vanquished.

Grand Total: 225 creatures vanquished

Notes
Turn   | Place    | Note
-------+----------+-------------------------------------------
     0 | D:1      | jlumianski the Demonspawn Fighter began the quest for the
                  | Orb.
     0 | D:1      | Reached XP level 1. HP: 18/18 MP: 1/1
   173 | D:1      | Gained mutation: You are partially covered in rugged brown
                  | scales. (AC +1, +3% HP) [demonic ancestry]
   173 | D:1      | Reached XP level 2. HP: 18/24 MP: 2/2
   672 | D:1      | Reached XP level 3. HP: 29/29 MP: 3/3
  1238 | D:2      | Identified the +6 hand axe of Subterfuge {antimagic,
                  | Stlth+}
  1254 | D:2      | Gained mutation: A weak demonic guardian rushes to your
                  | aid. [demonic ancestry]
  1254 | D:2      | Reached XP level 4. HP: 36/36 MP: 4/4
  1422 | D:3      | Found Bykh's Armour Emporium.
  1761 | D:5      | Entered Level 5 of the Dungeon
  1962 | D:4      | Noticed Edmund
  1972 | D:4      | Killed Edmund
  1973 | D:4      | Gained mutation: You have large cloven feet. [demonic
                  | ancestry]
  1973 | D:4      | Reached XP level 5. HP: 37/42 MP: 1/5
  2277 | D:4      | Reached XP level 6. HP: 49/49 MP: 2/6
  2451 | D:4      | Found a staircase to the Ecumenical Temple.
  2458 | Temple   | Entered the Ecumenical Temple
  2472 | Temple   | Became a worshipper of Qazlal Stormbringer
  2667 | D:5      | Reached skill level 1 in Invocations
  2975 | D:5      | Found a transporter.
  2977 | D:5      | Found a transporter.
  2977 | D:5      | Noticed soul19's ghost (novice DsFi)
  3136 | D:4      | Noticed Grinder
  3153 | D:4      | Killed Grinder
  3154 | D:4      | Reached XP level 7. HP: 13/56 MP: 2/8
  3337 | D:5      | Reached skill level 5 in Axes
  3445 | D:5      | Found Ycaet's CLEARANCE SALE!.
  3450 | D:5      | Bought 2 scrolls of blinking for 90 gold pieces
  3450 | D:5      | Bought a scroll of identify for 12 gold pieces
  3450 | D:5      | Bought a potion of flight for 18 gold pieces
  3568 | D:5      | Identified the ring "Amo Sekhy" {rElec rPois rC+ rCorr}
  3921 | D:5      | Reached * piety under Qazlal
  4145 | D:7      | Noticed a steam dragon
  4157 | D:7      | Killed a steam dragon
  4158 | D:7      | Reached skill level 5 in Fighting
  4158 | D:7      | Reached XP level 8. HP: 49/63 MP: 3/10
  4423 | D:6      | Reached skill level 5 in Armour
  4676 | D:6      | Noticed Maggie
  4702 | D:6      | Killed Maggie
  4703 | D:6      | Reached skill level 5 in Invocations
  4951 | D:6      | Noticed Pikel
  4959 | D:6      | Killed Pikel
  4960 | D:6      | Reached XP level 9. HP: 64/71 MP: 3/13
  4963 | D:6      | Found a shimmering altar of Xom.
  4986 | D:6      | Found a shimmering altar of Xom.
  4987 | D:6      | Found a shimmering altar of Xom.
  5015 | D:6      | Found a shimmering altar of Xom.
  5015 | D:6      | Found a shimmering altar of Xom.
  5017 | D:6      | Found a shimmering altar of Xom.
  5463 | D:7      | Found a sparkling altar of Nemelex Xobeh.
  5476 | D:7      | Reached skill level 1 in Throwing
  5599 | D:7      | Noticed a two-headed ogre
  5612 | D:7      | Killed a two-headed ogre
  6022 | D:7      | Reached skill level 1 in Stealth
  6034 | D:7      | Gained mutation: You have hoof-like feet. [demonic
                  | ancestry]
  6034 | D:7      | Reached XP level 10. HP: 16/79 MP: 5/15
  7341 | D:8      | Reached skill level 1 in Dodging
  7342 | D:8      | Identified the +1 leather armour "Jurepiom" {*Corrode rElec
                  | rPois Stlth+}
  8054 | D:8      | Reached ** piety under Qazlal
  8598 | D:10     | Entered Level 10 of the Dungeon
  8914 | D:9      | Found an opulent altar of Gozag.
  8963 | D:9      | Found a staircase to the Lair.
  9240 | D:9      | Reached skill level 5 in Shields
  9299 | D:9      | Found a transporter.
  9692 | D:10     | Noticed a gargoyle
  9699 | D:10     | Killed a gargoyle
  9835 | D:10     | Noticed Lodul
 10033 | D:9      | HP: 3/82 [ogre/+0 giant spiked club[Lodul] (18)]
 11025 | D:11     | Noticed a two-headed ogre
 11037 | D:11     | Killed a two-headed ogre
 11038 | D:11     | Reached XP level 11. HP: 21/89 MP: 5/17
 11513 | D:10     | Noticed Fannar
 11553 | D:10     | Killed Fannar
 12324 | D:11     | Noticed a skeletal warrior
 12414 | Lair:1   | Entered Level 1 of the Lair of Beasts
 13029 | Lair:1   | Slain by a fire elemental

Illustrated notes

Levels and vault maps discovered:
D:1:      sevenhm_arrival_forest_fort_small_4, layout_basic,
          minmay_misc_feat_more_columns
D:2:      layout_basic, minmay_tree_intersection, minmay_circle_x
D:3:      layout_loops_cross, mainiacjoe_overflow_swirl, serial_shops,
          nicolae_diamond_shop, nicolae_figureground_sparkle
D:4:      layout_basic, minmay_temple_entry_arrows, hex_intersection,
          uniq_grinder, uniq_edmund
D:5:      layout_gridville, gammafunk_ghost_hive, nicolae_shop_clearance
D:6:      layout_layer_cave, xom_redecorated, uniq_pikel, uniq_maggie
D:7:      layout_basic, nemelex_xobeh_ov_fountains_minmay, grunt_ministairs_6
D:8:      layout_loops_ring, nicolae_wwwww
D:9:      layout_basic, grunt_gozag_breadcrumbs, lair_entry_dummy,
          nicolae_diode_basic
D:10:     layout_basic, uniq_lodul, uniq_fannar
D:11:     layout_basic, orc_0_dummy, minivault_19, minivault_22, uniq_erolcha,
          uniq_grum, uniq_psyche
Temple:   nicolae_temple_bog_church
Lair:1:   layout_chaotic_city
Lair:2:   layout_gridlike, minmay_shoals_entry_hut,
          chequers_serial_rivers_small_a

Skill      XL: |  1  2  3  4  5  6  7  8  9 10 11 |
---------------+----------------------------------+-----
Axes           | 2 3 4 5 6 7 9 |  9.6
Armour         | 3 4 5 6 7 8 |  8.0
Shields        | 3 4 5 |  5.5
Fighting       | 4 5 6 8 |  8.9
Invocations    | 2 3 5 7 8 9 |  9.1
Throwing       | 2 |  2.4
Stealth        | 1 |  1.2
Dodging        | 1 |  1.3

Action                     |  1- 3 |  4- 6 |  7- 9 | 10-12 || total
---------------------------+-------+-------+-------+-------++-------
  Melee: War axe           |   126 |       |       |       ||   126
         Hand axe          |       |   156 |   163 |   345 ||   664
         Kick              |       |    38 |    50 |   119 ||   207
  Throw: Stone             |     2 |    13 |       |       ||    15
         Dart              |       |       |    21 |       ||    21
         Javelin           |       |       |       |     6 ||     6
 Invoke: Upheaval          |       |       |       |     1 ||     1
  Evoke: Wand              |       |       |       |     1 ||     1
    Use: Scroll            |       |     9 |     5 |     9 ||    23
         Potion            |       |     1 |     2 |     6 ||     9
   Stab: Distracted        |       |       |     1 |       ||     1
 Armour: Plate armour      |   105 |    75 |    68 |   108 ||   356
         Scale mail        |     1 |       |       |       ||     1
  Dodge: Dodged            |    41 |    72 |    56 |    87 ||   256
  Block: Buckler           |    21 |    34 |    48 |   113 ||   216

Table legend: (Time is in decaauts)
 A = Elapsed time spent in this place.
 B = Non-inter-level travel time spent in this place.
 C = Inter-level travel time spent in this place.
 D = Time resting spent in this place.
 E = Time spent auto-exploring this place.
 F = Levels seen in this place.
 G = Mean time per level.
                   A        B        C        D        E       F      G
               +--------+--------+--------+--------+--------+-----+--------+
         Total |  13142 |  12802 |    340 |   2279 |   6578 |  14 |  938.7 |
       Dungeon |  12493 |  12154 |    339 |   2050 |   6346 |  11 | 1135.7 |
        Temple |     40 |     40 |      0 |      0 |      0 |   1 |   40.0 |
          Lair |    608 |    608 |      0 |    229 |    232 |   2 |  304.0 |
               +--------+--------+--------+--------+--------+-----+--------+

Top non-repeatable levels by time:
     D:7: 2014 daAuts
    D:10: 1862 daAuts
     D:9: 1766 daAuts
     D:8: 1498 daAuts
     D:6: 1241 daAuts
     D:4: 1237 daAuts
     D:5: 960 daAuts
     D:1: 917 daAuts
     D:2: 774 daAuts
  Lair:1: 589 daAuts
     D:3: 173 daAuts
    D:11: 46 daAuts
  Temple: 40 daAuts
  Lair:2: 19 daAuts
